 Dungeon Crawl Stone Soup version 0.31-a0-981-geadf994542 (webtiles) character file.

Game seed: 15191900824328986126

58 Revguard the Trooper (level 4, -4/36 HPs)
             Began as a Vine Stalker Berserker on Nov 1, 2023.
             Was a Believer of Trog.
             Slain by a gnoll
             ... wielding a +0 flail
              (7 damage)
             ... on level 3 of the Dungeon.
             The game lasted 00:03:51 (1856 turns).

Revguard the Trooper (Vine Stalker Berserker)       Turns: 1856, Time: 00:03:51

Health: -4/36      AC:  8    Str: 22    XL:     4   Next: 1%
Magic:  0/5        EV:  8    Int:  7    God:    Trog [**....]
Gold:   139        SH:  0    Dex: 13    Spells: 3/3 levels left

rFire   . . .        a - +0 hand axe
rCold   . . .        (no shield)
rNeg    . . .        k - +0 chain mail
rPois   .            (no helmet)
rElec   .            (no cloak)
rCorr   .            (no gloves)
SInv    .            (no boots)
Will    ++...        (no amulet) Stlth
                     (no ring)
HPRegen 2.06/turn    (no ring)
MPRegen 0.09/turn

%: guardian spirit
@: berserking, strong-willed, regenerating, very quick
A: fangs 2, regeneration 1, magic shield, antimagic bite, no potion heal 2
a: Renounce Religion, Berserk, Trog's Hand


You were on level 3 of the Dungeon.
You worshipped Trog.
Trog was pleased with you.
You visited 1 branch of the dungeon, and saw 3 of its levels.

You collected 139 gold pieces.

Inventory:

Hand Weapons
 a - a +0 hand axe (weapon)
Armour
 b - a +0 animal skin
 k - a +0 chain mail (worn)
Jewellery
 l - a ring of see invisible
Scrolls
 c - a scroll of blinking {unknown}
 d - a scroll of teleportation {unknown}
 g - a scroll of silence {unknown}
 i - a scroll of enchant weapon {unknown}
 j - 2 scrolls of identify {unknown}
Potions
 e - a potion of heal wounds {unknown}
 f - a potion of might {unknown}
 h - a potion of lignification {unknown}
 m - a potion of attraction {unknown}


   Skills:
 * Level 3.2 Fighting
 + Level 3.0 Axes
 * Level 1.9 Armour
 + Level 1.8 Dodging
 + Level 1.1 Unarmed Combat
 + Level 0.7 Evocations


You had 3 spell levels left.
You didn't know any spells.
Your spell library was empty.

Dungeon Overview and Level Annotations

Branches:
Dungeon (3/15)

Altars:
Kikubaaqudgha


Innate Abilities, Weirdness & Mutations

You have extremely sharp teeth.
Your natural rate of healing is unusually fast.
When hurt, damage is shared between your health and your magic reserves.
Your bite disrupts and absorbs the magic of your enemies.
Potions cannot restore your health.


Message History

A giant cockroach is nearby!
You barely miss the giant cockroach. Your bite misses the giant cockroach.
The giant cockroach barely misses you.
You slash the giant cockroach!
You kill the giant cockroach!
Trog accepts your kill.
You have reached level 4!
You feel stronger.
You see here a giant cockroach corpse.
Found a sling.
You now have 139 gold pieces (gained 10).
A gnoll comes into view. It is wielding a +0 flail.
The gnoll shouts!
You hear a shout!
A gnoll comes into view. It is wielding a +0 club.
A gnoll comes into view. It is wielding a +0 club.
Found a stone staircase leading down.
The gnoll shouts!
You hear a shout!
A gnoll comes into view. It is wielding a +0 halberd.
The gnoll shouts!
The gnoll hits you but does no damage. The gnoll closely misses you.
The gnoll hits you with a +0 flail.
You hit the gnoll but do no damage. Your bite misses the gnoll.
You barely miss the gnoll. You hit the gnoll. The gnoll closely misses you.
The gnoll barely misses you. The gnoll hits you with a +0 flail!
The gnoll hits you but does no damage.
You barely miss the gnoll. You hit the gnoll but do no damage.
You barely miss the gnoll. The gnoll hits you with a +0 club.
The gnoll hits you but does no damage. The gnoll closely misses you.
The gnoll hits you from afar with a +0 halberd!
* * * LOW HITPOINT WARNING * * *
Your skin crawls.
You feel strong-willed. The gnoll hits you with a +0 flail!
* * * LOW HITPOINT WARNING * * *
The gnoll hits you but does no damage. The gnoll closely misses you.
The gnoll hits you but does no damage.
A red film seems to cover your vision as you go berserk!
You feel yourself moving faster!
You feel mighty! The gnoll hits you with a +0 flail!
You die...

# #. .. ##### #.## #...
#..#.gg####.############
#.....g@................
##.>...#g..)....#.######
#######.##.....#....#
####.#......#....#
............##.#####
.................##.
........##..#....#..
####........#.......
########.#..[...#


You could see 4 gnolls.

Vanquished Creatures
  An adder (D:2)
  3 dart slugs (D:1)
  3 ball pythons (D:1)
  2 bat zombies (D:3)
  3 endoplasms
  2 giant cockroaches
  5 goblins
  5 hobgoblins
  2 jackals (D:2)
  3 kobolds (D:1)
  2 quokkas (D:2)
  A bat (D:1)
  A frilled lizard (D:1)
  5 rats (D:1)
38 creatures vanquished.

Notes
Turn   | Place    | Note
-------+----------+-------------------------------------------
     0 | D:1      | Revguard the Vine Stalker Berserker began the quest for the
                  | Orb.
     0 | D:1      | Reached XP level 1. HP: 11/11 MP: 2/2
     9 | D:1      | Noticed a lindwurm
     9 | D:1      | Noticed a six-headed hydra
    10 | D:1      | Noticed a komodo dragon
   191 | D:1      | Reached XP level 2. HP: 16/16 MP: 3/3
   520 | D:1      | Reached XP level 3. HP: 19/20 MP: 4/4
   910 | D:2      | Reached ** piety under Trog
  1050 | D:2      | Reached skill level 1 in Unarmed Combat
  1689 | D:3      | Found an ancient bone altar of Kikubaaqudgha.
  1821 | D:3      | Reached XP level 4. HP: 24/24 MP: 5/5
  1855 | D:3      | HP: 1/24 [gnoll/+0 flail (7)]
  1856 | D:3      | Slain by a gnoll

Illustrated notes

Levels and vault maps discovered:
D:1:      onia_arrival_zoo_common, layout_loops_corners
D:2:      layout_basic, chequers_serial_rivers_room_b
D:3:      layout_basic, lemuel_zombie_altar_kikubaaqudgha

Skill      XL: |  1  2  3 |
---------------+----------+-----
Fighting       | 3 |  3.2
Axes           | 3 |  3.0
Unarmed Combat | 1 |  1.1
Armour         | |  1.9
Dodging        | |  1.8
Evocations     | |  0.7

Action                     |  1- 3 |  4- 6 || total
---------------------------+-------+-------++-------
  Melee: Hand axe          |    83 |     2 ||    85
         Bite              |    24 |       ||    24
 Invoke: Berserk           |       |     1 ||     1
         Trog's Hand       |       |     1 ||     1
   Stab: Sleeping          |     1 |       ||     1
 Armour: Animal skin       |    28 |       ||    28
         Chain mail        |    38 |    11 ||    49
  Dodge: Dodged            |    56 |     5 ||    61

Table legend: (Time is in decaauts)
 A = Elapsed time spent in this place.
 B = Non-inter-level travel time spent in this place.
 C = Inter-level travel time spent in this place.
 D = Time resting spent in this place.
 E = Time spent auto-exploring this place.
 F = Levels seen in this place.
 G = Mean time per level.
                   A        B        C        D        E       F      G
               +--------+--------+--------+--------+--------+-----+--------+
         Total |   1876 |   1797 |     79 |      0 |   1468 |   3 |  625.3 |
       Dungeon |   1876 |   1797 |     79 |      0 |   1468 |   3 |  625.3 |
               +--------+--------+--------+--------+--------+-----+--------+

Top non-repeatable levels by time:
     D:1: 847 daAuts
     D:2: 833 daAuts
     D:3: 196 daAuts
